 Dungeon Crawl Stone Soup version 0.29-a0-233-g1125b37a9b (webtiles) character file.

Game seed: 10064048225247583322

18 Hubjo the Sneak (level 2, -8/21 HPs)
             Began as a Vampire Enchanter on Mar 1, 2022.
             Killed by an exploding goblin (28 damage)
             ... ignited by their inner flame
             ... on level 2 of the Dungeon.
             The game lasted 00:01:10 (848 turns).

Hubjo the Sneak (Vampire Enchanter)                  Turns: 848, Time: 00:01:15

Health: -8/21      AC:  2    Str:  7    XL:     2   Next: 51%
Magic:  5/5        EV: 12    Int: 17    God:
Gold:   31         SH:  0    Dex: 14    Spells: 5/5 levels left

rFire   . . .      SeeInvis +   a - +1 dagger
rCold   . . .      Faith    .   (no shield)
rNeg    . . .      Spirit   .   b - +0 robe
rPois   .          Reflect  .   (no helmet)
rElec   .          Harm     .   (no cloak)
rCorr   .          Rampage  .   (no gloves)
Will    .....                   (no boots)
Stlth   +++.......              (no amulet)
HPRegen 0.27/turn               (no ring)
MPRegen 0.09/turn               (no ring)

@: about to teleport, healing quickly
A: alive, fangs 3, see invisible, vampiric 1
a: Exsanguinate


You were on level 2 of the Dungeon.
You visited 1 branch of the dungeon, and saw 2 of its levels.

You collected 31 gold pieces.

Inventory:

Hand Weapons
 a - a +1 dagger (weapon)
Armour
 b - a +0 robe (worn)
Potions
 c - a potion of invisibility
 d - a potion of flight {unknown}


   Skills:
 * Level 1.0 Fighting
 + Level 1.3 Short Blades
 + Level 2.3 Dodging
 * Level 5.0 Stealth
 - Level 2.0 Spellcasting
 + Level 4.5 Hexes


You had 5 spell levels left.
You didn't know any spells.
Your spell library contained the following spells:

 Spells                   Type           Power      Damage    Failure   Level
 Confusing Touch          Hex            17%        N/A       9%          3
 Tukima's Dance           Hex            17%        N/A       9%          3
 Ensorcelled Hibernation  Hex/Ice        18%        N/A       12%         2
 Dazzling Flash           Conj/Hex       18%        N/A       22%         3


Dungeon Overview and Level Annotations

Branches:
Dungeon (2/15)

Altars:

Annotations:
D:2 Robin


Innate Abilities, Weirdness & Mutations

Your natural rate of healing is accelerated.
You have razor-sharp teeth.
You have supernaturally acute eyesight. (SInv)
You are afflicted with vampirism.


Message History

The goblin shoots a sling bullet.
The sling bullet closely misses you.
A hobgoblin comes into view.
The goblin moves out of view.
The kobold moves out of view.
The goblin shouts!
The hobgoblin shouts!
You hear a shout!
Robin throws the goblin at you!
You strike the helpless goblin from behind!
You puncture the goblin!
You kill the goblin!
Your Stealth skill increases to level 5!
A goblin comes into view. It is wielding a +0 dagger.
The goblin shouts!
A hobgoblin comes into view.
A frilled lizard comes into view.
Robin roars a battlecry!
The goblins go into a battle-frenzy!
You hear a shout!
A rat comes into view.
Robin points. "Kill!"
The rat barely misses you.
Robin laughs in a distinctly smug fashion.
Robin laughs in a distinctly smug fashion.
The goblin no longer looks unusually strong.
Robin throws the goblin at you!
As you read the scroll labelled REYMYB MIUVIA, it crumbles to dust.
You feel strangely unstable.
It was a scroll of teleportation.
The goblin barely misses you.
Robin roars a battlecry!
The goblin goes into a battle-frenzy!
You hear a shout!
As you read the scroll labelled NIYSUSK TASAJ, it crumbles to dust.
The creatures around you are filled with an inner flame!
It was a scroll of immolation.
The goblin hits you with a +0 club.
You hit the goblin.
Flame seeps out of the goblin.
Your bite misses the goblin.
The goblin is heavily wounded.
The goblin is engulfed in blazing flames.
The goblin explodes!
The fiery explosion engulfs the rat!!
The fiery explosion engulfs you!!
Ouch! That really hurt!
You die...

.#....####.#######
..............>...
.#....#.##.###.####
........#..<.......
.#....#.#...###.###
#######.#........
#######.#..#....
........#.)#.#######.##
#.........gg.g§○@.....#
.......g####.##########
........# #.# .....?..#
#.. .#.####.# ####
....? ..# ..... ..# .r#


You could see Robin (inner flame), a hobgoblin (inner flame, strong) and a
goblin (inner flame, strong).

Vanquished Creatures
  3 endoplasms (D:1)
  5 goblins
  A hobgoblin (D:1)
  A kobold (D:1)
  3 ball pythons (D:1)
  2 bats (D:1)
  2 rats
17 creatures vanquished.

Notes
Turn   | Place    | Note
-------+----------+-------------------------------------------
     0 | D:1      | Hubjo the Vampire Enchanter began the quest for the Orb.
     0 | D:1      | Reached XP level 1. HP: 13/13 MP: 3/3
   247 | D:1      | Reached XP level 2. HP: 20/20 MP: 5/5
   727 | D:1      | Reached skill level 1 in Fighting
   824 | D:2      | Noticed Robin
   827 | D:2      | Reached skill level 5 in Stealth
   848 | D:2      | Killed by an exploding goblin... ignited by their inner
                  | flame

Illustrated notes

Levels and vault maps discovered:
D:1:      doesnt_arrival_eight_statues, layout_basic, serial_rivers,
          chequers_serial_rivers_small_3, chequers_serial_rivers_micro_d,
          chequers_serial_rivers_marsh, chequers_serial_rivers_micro_b,
          chequers_serial_rivers_micro_b, chequers_serial_rivers_room_b,
          serial_park_tiny_1
D:2:      layout_basic, serial_shops, shop, st_stairs_13, uniq_natasha,
          uniq_robin

Skill      XL: |  1  2 |
---------------+-------+-----
Fighting       | 1 |  1.0
Stealth        | 5 |  5.0
Short Blades   | |  1.3
Dodging        | |  2.3
Spellcasting   | |  2.0
Hexes          | |  4.5

Action                   || total
-------------------------++-------
Melee: Dagger            ||    41
       Bite              ||     3
       Punch             ||     1
  Use: Scroll            ||     2
 Stab: Sleeping          ||     5
       Distracted        ||     1
Armor: Robe              ||     4
Dodge: Dodged            ||    21

Table legend: (Time is in decaauts)
 A = Elapsed time spent in this place.
 B = Non-inter-level travel time spent in this place.
 C = Inter-level travel time spent in this place.
 D = Time resting spent in this place.
 E = Time spent auto-exploring this place.
 F = Levels seen in this place.
 G = Mean time per level.
                   A        B        C        D        E       F      G
               +--------+--------+--------+--------+--------+-----+--------+
         Total |    859 |    843 |     16 |      0 |    699 |   2 |  429.5 |
       Dungeon |    859 |    843 |     16 |      0 |    699 |   2 |  429.5 |
               +--------+--------+--------+--------+--------+-----+--------+

Top non-repeatable levels by time:
     D:1: 818 daAuts
     D:2: 40 daAuts
